 Dungeon Crawl Stone Soup version 0.22.1-2-g9c5b331383 (webtiles) character file.

27057 Jynx the Bewitcher (level 13, -18/55 HPs)
             Began as a Spriggan Enchanter on Dec 17, 2018.
             Was a Priest of Ashenzari.
             Demolished by a death yak (55 damage)
             ... on level 6 of the Lair of Beasts.
             The game lasted 00:37:34 (19758 turns).

Jynx the Bewitcher (Spriggan Enchanter)            Turns: 19758, Time: 00:37:35

Health: -18/55     AC:  8    Str:  6    XL:     13   Next: 2%
Magic:  21/29      EV: 30    Int: 19    God:    Ashenzari [***...]
Gold:   846        SH:  0    Dex: 19    Spells: 22/34 levels left

rFire    + . .     SeeInvis +   h - +0 dagger (speed) (curse)
rCold    . . .     Gourm    .   (shield restricted)
rNeg     . . .     Faith    .   q - +1 robe {rF+} (curse)
rPois    .         Spirit   .   (helmet restricted)
rElec    .         Reflect  +   A - +0 cloak
rCorr    .         Harm     .   (gloves unavailable)
MR       ++...                  (boots unavailable)
Stlth    ++++++....             t - +5 amulet of reflection (curse)
HPRegen  0.18/turn              k - +2 ring of protection
MPRegen  0.21/turn              (no ring)

@: sleeping, very quick
A: very small, unfitting armour, hooves 1, molten scales 1, see invisible,
herbivore, speed 3, slow metabolism 2, strong 1
a: Curse Item, Scrying, Renounce Religion


You were on level 6 of the Lair of Beasts.
You worshipped Ashenzari.
Ashenzari was most pleased with you.
You were hungry.

You visited 3 branches of the dungeon, and saw 16 of its levels.

You collected 846 gold pieces.

Inventory:

Hand Weapons
 h - a cursed +0 dagger of speed (weapon)
 u - a +2 short sword of distortion
Armour
 q - a cursed +1 robe of fire resistance (worn)
 A - a +0 cloak (worn)
Jewellery
 k - a +2 ring of protection (left hand)
 s - an uncursed ring of fire
 t - a cursed +5 amulet of reflection (around neck)
 w - a cursed ring of attention
 x - an uncursed ring of protection from fire
 C - an uncursed ring of protection from fire
 J - an uncursed ring of flight
Wands
 n - a wand of polymorph (31)
 r - a wand of acid (10)
 y - a wand of flame (26)
 z - a wand of random effects (24)
 D - a wand of iceblast (18)
 H - a wand of paralysis (21)
Scrolls
 a - 10 scrolls of teleportation
 c - a scroll of enchant armour
 g - 6 scrolls of identify
 i - 5 scrolls of immolation
 j - a scroll of torment {unknown}
 l - 6 scrolls of magic mapping
 p - 2 scrolls of amnesia
 v - 2 scrolls of fear
 E - 2 scrolls of enchant weapon
 F - 2 scrolls of vulnerability
 G - 3 scrolls of blinking
 I - a scroll of remove curse
Potions
 b - a potion of haste
 e - 5 potions of brilliance
 f - 2 potions of curing
 m - 2 potions of might
 o - a potion of heal wounds
 B - a potion of cancellation {unknown}
Comestibles
 d - 9 rations


   Skills:
 + Level 10.1(12.8) Short Blades
 + Level 12.8 Dodging
 + Level 14.1 Stealth
 + Level 11.2 Spellcasting
 * Level 15.0 Hexes


You had 22 spell levels left.
You knew the following spells:

 Your Spells              Type           Power        Failure   Level  Hunger
a - Corona                Hex            ######.      0%          1    None
b - Ensorcelled Hibernat  Hex/Ice        #####.       1%          2    None
c - Confuse               Hex            ######..     1%          3    None
d - Tukima's Dance        Hex            ######..     1%          3    None
e - Dazzling Spray        Conj/Hex       #####.       1%          3    None

Your spell library contained the following spells:

 Spells                   Type           Power        Failure   Level  Hunger
 Sting                    Conj/Pois      ##..         7%          1    None
 Poisonous Vapours        Pois/Air       ##....       10%         2    None
 Mephitic Cloud           Conj/Pois/Air  ##......     21%         3    None
 Olgreb's Toxic Radiance  Pois           ##......     54%         4    ##.....
 Venom Bolt               Conj/Pois      ##........   88%         5    ####...


Dungeon Overview and Level Annotations

Branches:
Dungeon (9/15)             Temple (1/1) D:7            Lair (6/6) D:8
 Shoals (0/4) Lair:4       Spider (0/4) Lair:3        Slime (0/5) Lair:6
    Orc (0/2) D:9

Altars:
Ashenzari
Cheibriados
Dithmenos
Elyvilon
Fedhas
Gozag
Hepliaklqana
Kikubaaqudgha
Makhleb
Nemelex Xobeh
Okawaru
Qazlal
Ru
Sif Muna
Trog
Uskayaw
Vehumet
Wu Jian
Xom
Yredelemnul
Zin
The Shining One
Jiyva

Shops:
D:4 (   D:5 [   D:8 *   D:9 **[

Annotations:
D:9 Grum


Innate Abilities, Weirdness & Mutations

You are very small and have problems with some larger weapons.
You are too small for most types of armour.
You have supernaturally acute eyesight. (SInv)
You are a herbivore.
You cover ground extremely quickly.
You need to consume almost no food.
You have large cloven feet.
You are partially covered in molten scales. (AC +2)
Your muscles are strong. (Str +2)


Message History

You barely miss the dream sheep. You hit the dream sheep.
You kick the dream sheep, but do no damage.
The dream sheep is lightly wounded.
You barely miss the dream sheep.
The dream sheep is lightly wounded.
A death yak comes into view. x2
A dream sheep comes into view.
The dream sheep shake their wool and sparkle.
You feel drowsy...
You fall asleep.
The dream sheep bleats!
The dream sheep misses you.
The death yak bellows!
The death yak gores you!!
You wake up.
The dream sheep barely misses you.
You see here a water moccasin corpse.
The dream sheep are wreathed in dream dust.
You feel drowsy...
You fall asleep.
The death yak gores you!!!
Ouch! That really hurt!
You die...

Y...................#
Y.....Y....#..P.##.##
........†.PY....#..#
........†YYY.......#
,......Y..PY.Y......#
..#.......P.....####
##......####.Y..#
##.....#.##..Y######
#P..)..##.....@....#
#..................#
................<..##
, ...............#
..............P#
....>_........## ,
..............## ,
..............# , ,
...........###


You could see 3 death yaks and 5 dream sheep.

Vanquished Creatures
  3 hydras
  A death yak (Lair:5)
  Sonja (Lair:4)
  10 elephants (Lair:5)
  7 black mambas
  2 rime drakes
  7 spiny frogs
  3 komodo dragons
  2 ice devils (Lair:5)
  2 polar bears
  4 hippogriffs
  24 blink frogs
  A dream sheep (Lair:6)
  2 wyverns
  16 yaks
  A basilisk (Lair:3)
  5 porcupines
  9 water moccasins
  2 orc warriors
  3 ice beasts
  4 sky beasts
  A black bear (D:4)
  An ogre (D:8)
  10 wolves
  7 centaurs
  8 crocodiles
  A big kobold (D:7)
  13 bullfrogs
  3 howler monkeys
  3 crimson imps
  A bullfrog zombie (D:7)
  2 hounds
  A quasit (D:7)
  A centaur skeleton (D:4)
  2 jellies (D:8)
  6 orc wizards
  6 orc priests
  5 worker ants
  Natasha (thrice) (D:3)
  A hound skeleton (D:4)
  A worker ant zombie (D:8)
  A howler monkey skeleton (D:5)
  8 adders
  A shadow imp (D:8)
  An ooze (D:1)
  An adder zombie (D:5)
  3 worms
  A dart slug (D:1)
  4 leopard geckos
  21 orcs
  5 ball pythons
  8 bats
  3 giant cockroaches
  7 goblins
  5 hobgoblins
  17 jackals
  5 quokkas
  6 frilled lizards
  16 kobolds
  A quokka skeleton (D:4)
  4 rats
303 creatures vanquished.

Vanquished Creatures (collateral kills)
  An orc warrior (D:8)
  An ogre (D:4)
  An orc priest (D:8)
  8 orcs
11 creatures vanquished.

Vanquished Creatures (others)
  A wizard (D:3)
  6 fungi
  2 plants
9 creatures vanquished.

Grand Total: 323 creatures vanquished

Notes
Turn   | Place    | Note
-------+----------+-------------------------------------------
     0 | D:1      | Jynx the Spriggan Enchanter began the quest for the Orb.
     0 | D:1      | Reached XP level 1. HP: 9/9 MP: 5/5
   227 | D:1      | Reached XP level 2. HP: 6/13 MP: 1/6
   388 | D:1      | Learned a level 2 spell: Ensorcelled Hibernation
   613 | D:1      | Reached skill level 4 in Hexes
  1059 | D:2      | Reached XP level 3. HP: 15/16 MP: 8/8
  1676 | D:2      | Reached skill level 5 in Stealth
  1719 | D:2      | Reached XP level 4. HP: 18/21 MP: 6/9
  1894 | D:1      | Learned a level 3 spell: Confuse
  1898 | D:1      | Learned a level 3 spell: Tukima's Dance
  3127 | D:3      | Found a glowing silver altar of Zin.
  3168 | D:3      | Reached XP level 5. HP: 24/24 MP: 11/11
  3231 | D:3      | Noticed Natasha
  3235 | D:3      | Killed Natasha
  3235 | D:3      | Reached skill level 5 in Hexes
  3366 | D:3      | Noticed Natasha
  3371 | D:3      | Killed Natasha
  3387 | D:3      | Reached XP level 6. HP: 19/28 MP: 0/13
  3802 | D:3      | Noticed Natasha
  3810 | D:3      | Killed Natasha
  4015 | D:3      | Found a bloodstained altar of Trog.
  4474 | D:3      | Reached skill level 5 in Dodging
  4969 | D:3      | Noticed a wizard
  4979 | D:3      | Killed a wizard
  5088 | D:4      | Reached skill level 6 in Hexes
  5686 | D:4      | Reached XP level 7. HP: 13/32 MP: 7/14
  6093 | D:4      | Found Wiexus's Weapon Shoppe.
  6414 | D:5      | Entered Level 5 of the Dungeon
  6575 | D:5      | Found a shadowy altar of Dithmenos.
  6597 | D:5      | Reached skill level 5 in Spellcasting
  6597 | D:5      | Reached skill level 7 in Hexes
  6840 | D:5      | Reached XP level 8. HP: 36/36 MP: 16/16
  7711 | D:5      | Found Umaehuow's Antique Armour Boutique.
  8568 | D:6      | Reached skill level 8 in Hexes
  9149 | D:6      | Learned a level 3 spell: Dazzling Spray
  9892 | D:7      | Reached skill level 5 in Short Blades
 10003 | D:7      | Found a staircase to the Ecumenical Temple.
 10012 | Temple   | Entered the Ecumenical Temple
 10075 | Temple   | Became a worshipper of Ashenzari the Shackled
 10533 | D:8      | Reached skill level 9 in Hexes
 10533 | D:8      | Reached XP level 9. HP: 39/39 MP: 3/19
 10707 | D:8      | Found Ilioteem's Assorted Antiques.
 11556 | D:8      | Found a staircase to the Lair.
 12156 | D:9      | Found Raon's Elemental Accessories.
 12171 | D:9      | Found Gozut's Assorted Antiques.
 12196 | D:9      | Found a staircase to the Orcish Mines.
 12197 | D:9      | Noticed Grum
 12198 | D:9      | Found Docsywe's Armour Shoppe.
 12257 | Lair:1   | Entered Level 1 of the Lair of Beasts
 12268 | Lair:1   | Reached skill level 10 in Hexes
 12573 | Lair:1   | Reached skill level 10 in Stealth
 12769 | Lair:1   | Noticed a spiny frog
 12776 | Lair:1   | Killed a spiny frog
 12883 | Lair:1   | Reached XP level 10. HP: 23/44 MP: 2/22
 13246 | Lair:1   | Found a shattered altar of Ashenzari.
 13275 | Lair:1   | Reached * piety under Ashenzari
 13313 | Lair:1   | Reached skill level 11 in Hexes
 13345 | Lair:1   | Noticed a spiny frog
 13347 | Lair:1   | Killed a spiny frog
 14340 | Lair:2   | Noticed a black mamba
 14361 | Lair:2   | Killed a black mamba
 14361 | Lair:2   | Reached skill level 10 in Dodging
 14375 | Lair:2   | Noticed a spiny frog
 14385 | Lair:2   | Killed a spiny frog
 14421 | Lair:2   | Reached skill level 12 in Hexes
 14445 | Lair:2   | Reached XP level 11. HP: 34/47 MP: 0/24
 14941 | Lair:2   | Gained mutation: You tend to lose your temper in combat.
                  | [potion of mutation]
 14941 | Lair:2   | Gained mutation: Your muscles are strong. (Str +2) [potion
                  | of mutation]
 14941 | Lair:2   | Gained mutation: Your muscles are very strong. (Str +4)
                  | [potion of mutation]
 14941 | Lair:2   | Gained mutation: You are partially covered in iridescent
                  | scales. (AC +2) [potion of mutation]
 14942 | Lair:2   | Lost mutation: You tend to lose your temper in combat.
                  | [potion of mutation]
 14942 | Lair:2   | Lost mutation: You are partially covered in iridescent
                  | scales. (AC +2) [potion of mutation]
 14942 | Lair:2   | Lost mutation: Your muscles are very strong. (Str +4)
                  | [potion of mutation]
 14942 | Lair:2   | Gained mutation: You are partially covered in molten
                  | scales. (AC +2) [potion of mutation]
 14942 | Lair:2   | Gained mutation: You have large cloven feet. [potion of
                  | mutation]
 15456 | Lair:3   | Found a hole to the Spider Nest.
 15463 | Lair:3   | Noticed a seven-headed hydra
 15484 | Lair:3   | Killed a seven-headed hydra
 15744 | Lair:3   | Reached ** piety under Ashenzari
 15893 | Lair:3   | Reached skill level 13 in Hexes
 16487 | Lair:4   | Noticed Sonja
 16498 | Lair:4   | Killed Sonja
 16877 | Lair:4   | Noticed an eight-headed hydra
 17019 | Lair:4   | Reached skill level 10 in Spellcasting
 17034 | Lair:4   | Noticed an eight-headed hydra
 17044 | Lair:4   | Killed an eight-headed hydra
 17044 | Lair:4   | Reached XP level 12. HP: 50/51 MP: 14/27
 17197 | Lair:4   | Found a staircase to the Shoals.
 17762 | Lair:5   | Reached skill level 14 in Hexes
 18083 | Lair:5   | Noticed a death yak
 18086 | Lair:5   | Noticed a death yak
 18087 | Lair:5   | Noticed a death yak
 18088 | Lair:5   | Noticed a death yak
 18089 | Lair:5   | Reached *** piety under Ashenzari
 18089 | Lair:5   | Noticed a death yak
 18089 | Lair:5   | Noticed a death yak
 18120 | Lair:5   | Killed a death yak
 18147 | Lair:5   | Noticed a death yak
 18148 | Lair:5   | Noticed a death yak
 18149 | Lair:5   | Noticed a death yak
 19439 | Lair:6   | Entered Level 6 of the Lair of Beasts
 19443 | Lair:6   | Noticed a seven-headed hydra
 19456 | Lair:6   | Reached skill level 10 in Short Blades
 19465 | Lair:6   | Killed a seven-headed hydra
 19468 | Lair:6   | Noticed an eight-headed hydra
 19480 | Lair:5   | Reached skill level 15 in Hexes
 19518 | Lair:6   | Found a viscous altar of Jiyva.
 19518 | Lair:6   | Found a staircase to the Slime Pits.
 19559 | Lair:5   | Reached XP level 13. HP: 31/55 MP: 8/29
 19758 | Lair:6   | Demolished by a death yak

Skill      XL: |  1  2  3  4  5  6  7  8  9 10 11 12 |
---------------+-------------------------------------+-----
Hexes          | 4 5 6 7 9 10 12 13 15 | 15.0
Spellcasting   | 3 4 5 6 7 8 10 11 | 11.2
Stealth        | 5 6 7 8 10 11 12 14 | 14.1
Short Blades   | 2 3 4 5 6 7 8 10 | 10.1
Dodging        | 4 5 6 7 9 10 11 12 | 12.8

Action                   |  1- 3 |  4- 6 |  7- 9 | 10-12 | 13-15 || total
-------------------------+-------+-------+-------+-------+-------++-------
Melee: Dagger            |   164 |   419 |   633 |   493 |    11 ||  1720
       Kick              |       |       |       |    96 |     4 ||   100
 Cast: Corona            |     6 |     1 |       |     1 |       ||     8
       Ensorcelled Hiber |    13 |    21 |     8 |     5 |       ||    47
       Confuse           |       |    21 |    71 |   144 |     5 ||   241
       Tukima's Dance    |       |     7 |    10 |       |       ||    17
       Dazzling Spray    |       |       |       |    12 |       ||    12
Invok: Curse Item        |       |       |       |     3 |       ||     3
  Use: Scroll            |       |    11 |     4 |     7 |       ||    22
       Potion            |       |       |       |     5 |       ||     5
 Stab: Sleeping          |    13 |    17 |    19 |    26 |       ||    75
       Confused          |       |     6 |    47 |   108 |     3 ||   164
       Distracted        |       |     1 |     4 |     1 |       ||     6
       Invisible         |       |       |       |     5 |       ||     5
  Eat: Ration            |       |     4 |     5 |     4 |       ||    13
Armor: Robe              |    23 |    24 |    14 |     7 |       ||    68
Dodge: Dodged            |   160 |   330 |   286 |   200 |     4 ||   980
Block: Other             |       |       |    45 |    46 |     3 ||    94
       Reflection        |       |       |     4 |     2 |       ||     6
